Unix NetHack Version 5.0.0-0 post-release - last build Jul 14 2026 02:55:29 (1809b74e8187c3a3585e283601c3028b46cbbdcb,branch:main).

Game began 2026-07-15 00:56:49, ended 2026-07-15 01:46:08.

Jinnora, neutral female human Wizard

                        --------------------------------
                        |..............................|     ------      -----
                        |.-----------.......--------...|    #.....|      |...|
                        |.+  |(((|..|.------|..|?+?|...|    #|....|      |>^.|
                        |.|  |(/(|..|.|....[|..|+++|...|    #|...<|  ####....|
                        |.---|..@|-|-.|.._..||-|...|...|    #|....|###   ---.-
                        |....---|-....|.....|..--|--...|   ##|.....#        #
                        |......u......|.....|..........|   # |....|         #
                        |...@..@....{.-|-----.{........|   # ------        ##
                        |...@...............).[........|  ##               #
                        |...--|---+-..........f--|--...|  #                #
                        |...|@..|  |---.-------|...|...|  #                #
                        |...|.%%|  |..-.|.%%|..|...|...|###              ###
                        |...|%[!|--|..|.-.%%|..|...|...|##              -|---
                        |...-----..----.------|-----...-####            |...|
                        |..............................|   #############....|
                        --------------------------------                -----

Jinnora the Thaumaturge   St:9 Dx:14 Co:15 In:17 Wi:10 Ch:11  Neutral
Dlvl:5  $:388 HP:0(58) Pw:36(46) AC:9  Xp:7/802 T:3188 

Latest messages:
 You see here a stout spear.
 You swap places with the peaceful watch captain.
 In what direction? 8
 This door is locked.
 Unlock it with your key? [ynq] (q) y
 You succeed in unlocking the door.
 In what direction? 8
 The door opens.
 You swap places with the peaceful kitten.
 You stop.  The kitten is in the way!
 You kill the kobold shaman!
 You stop.  The kitten is in the way!
 You hear water falling on coins.
 You stop.  The watchman is in the way!
 You see here a stout spear.
 You kill the bat!
 You kill the bat!
 You swap places with the peaceful kitten.
 The white unicorn butts!
 The white unicorn kicks!
 The white unicorn butts!
 The white unicorn kicks!
 You swap places with the peaceful kitten.
 There are several objects here.
 You see here a stout spear.
 "Hello, Jinnora!  Welcome again to Akranes' general store!"
 What do you want to drop? [$a-ikm-tv-yBCF-KM-TVXY or ?*] u
 You don't have that object.
 What do you want to drop? [$a-ikm-tv-yBCF-KM-TVXY or ?*] ?
 You drop a cursed lamp.
 Akranes offers 4 gold pieces for your lamp.  Sell it? [ynaq] (n) n
 i - a cursed lamp.
 What do you want to call? [imp-rvwyCG-KN-TVXY or ?*] i
 Call a lamp: oil
 The white unicorn butts!
 The white unicorn kicks!
 The white unicorn butts!
 The white unicorn kicks!
 In what direction? 8
 The magic missile hits the white unicorn!
 The magic missile bounces!
 The magic missile hits the white unicorn!
 The magic missile hits you!
 The missiles bounce off!
 The white unicorn butts!
 The white unicorn kicks!
 The white unicorn butts!
 You die...
 Izchak looks at your corpse, shakes his head, and sighs.
 Do you want your possessions identified? [ynq] (y) q

Inventory:
 Coins    ('$')
  $ - 388 gold pieces
 Amulets  ('"')
  x - an uncursed amulet of ESP
  y - an uncursed amulet versus poison (being worn)
 Weapons  (')')
  B - 2 uncursed +0 daggers
  a - a blessed +1 quarterstaff (weapon in hands)
 Armor    ('[')
  V - an uncursed burnt +0 pair of jumping boots (being worn)
  b - an uncursed +0 cloak of magic resistance (being worn)
  k - an uncursed +0 cloak of magic resistance
 Comestibles  ('%')
  M - 2 cursed fortune cookies
  F - 2 uncursed tripe rations
 Scrolls  ('?')
  H - an uncursed scroll of create monster
  R - an uncursed scroll of enchant weapon
  v - an uncursed scroll of food detection
  P - 2 uncursed scrolls of gold detection
  s - an uncursed scroll of scare monster named CURSED
  K - a cursed scroll of taming
 Potions  ('!')
  w - 2 uncursed potions of confusion
  r - an uncursed potion of fruit juice
  f - an uncursed potion of gain energy
  p - an uncursed potion of hallucination
  h - a blessed potion of healing
  g - an uncursed potion of healing
  X - a cursed potion of invisibility
  q - an uncursed potion of monster detection
 Rings    ('=')
  d - an uncursed ring of polymorph control
  e - an uncursed +1 ring of protection
  Y - a cursed ring of teleport control
 Wands    ('/')
  t - an uncursed wand of light (0:13)
  c - an uncursed wand of light (0:6)
 Tools    ('(')
  o - an uncursed blindfold
  n - an uncursed magic marker (0:21)
  O - a cursed magic whistle
  i - a cursed oil lamp
  I - an uncursed skeleton key
  Q - 3 uncursed tallow candles
  N - a cursed tallow candle
 Gems/Stones  ('*')
  G - an uncursed obsidian stone
  T - an uncursed sapphire
  S - an uncursed worthless piece of blue glass
  J - an uncursed worthless piece of white glass
  m - 2 cursed worthless pieces of yellowish brown glass
  C - an uncursed luckstone

Jinnora the Wizard's attributes:

Background:
 You were a Thaumaturge, a level 7 female human Wizard.
 You were neutral, on a mission for Thoth
 who was opposed by Ptah (lawful) and Anhur (chaotic).
 You were right-handed.
 You were in the Gnomish Mines, on level 5.
 You entered the dungeon 3188 turns ago.
 It was nighttime.
 There was a new moon in effect when your adventure ended.
 You had 802 experience points, 478 more were needed to attain level 8.

Basics:
 You had 0 out of 58 hit points.
 You had 36 out of 46 energy points (spell power).
 Your armor class was 9.
 Your wallet contained 388 zorkmids.
 Autopickup was off.

Final Characteristics:
 Your strength was 9 (limit:18/100).
 Your dexterity was 14 (limit:18).
 Your constitution was 15 (limit:18).
 Your intelligence was 17 (limit:18).
 Your wisdom was 10 (limit:18).
 Your charisma was 11 (limit:18).

Final Status:
 You weren't hungry.
 You were unencumbered.
 You were wielding a quarterstaff.
 You had basic skill with quarterstaff and could have enhanced that.

Final Attributes:
 You were piously aligned.
 You were magic-protected.
 You were poison resistant.
 You could jump.
 You were warded.
 You were lucky.
 You had extra luck.
 Bad luck did not time out for you.
 Good luck did not time out for you.
 You are dead.

Miscellaneous:
 You encountered 1 bones level.
 Total elapsed playing time was 49 minutes and 17 seconds.

Major events:
 Turn
    1: Jinnora the neutral female human Wizard entered the dungeon
  477: entered the Gnomish Mines
  821: attained the rank of Conjurer (level 3)
 1376: reached Mine Town
 1478: attained the rank of Thaumaturge (level 6)
 3188: killed by a white unicorn

Spells:
 Name                 Level Category     Fail Retention
 force bolt             1   attack         0%   81%-90%
 detect monsters        1   divination     0%  76%-100%
 magic missile          2   attack         0%   81%-90%

Skills:
 Fighting Skills
   bare handed combat [Unskilled]
   riding             [Unskilled]
 Weapon Skills
   dagger             [Unskilled]
   knife              [Unskilled]
   axe                [Unskilled]
   short sword        [Unskilled]
   club               [Unskilled]
   mace               [Unskilled]
   quarterstaff       [Basic]
   polearms           [Unskilled]
   spear              [Unskilled]
   trident            [Unskilled]
   sling              [Unskilled]
   dart               [Unskilled]
   shuriken           [Unskilled]
 Spellcasting Skills
   attack spells      [Basic]
   healing spells     [Unskilled]
   divination spells  [Unskilled]
   enchantment spells [Basic]
   clerical spells    [Unskilled]
   escape spells      [Unskilled]
   matter spells      [Unskilled]

Voluntary challenges:
 Character rerolling was not enabled.
 You never genocided any monsters.
 You never polymorphed an object.
 You never changed form.
 You used no wishes.
Achievements:
 You entered the Gnomish Mines.
 You attained the rank of Conjurer.
 You entered Minetown.
 You entered a temple.
 You entered a shop.
 You attained the rank of Thaumaturge.

 The Dungeons of Doom: levels 1 to 4
    Level 1:
    Level 2:
       A grave.
       Stairs down to The Gnomish Mines.
    Level 3:
       A fountain.
    Level 4:
 The Gnomish Mines: levels 3 to 6
    Level 3:
    Level 4:
    Level 5: <- You were here.
       Many shops, a temple and an altar to Thoth, some fountains.
       Final resting place for
          you, killed by a white unicorn.
    Level 6:
       Final resting place for
          GdeVolpiano-Wiz-Elf-Fem-Cha, killed by a fire ant.


Vanquished creatures:
  a ghost
  a small mimic
  2 wolves
  a leprechaun
  a gnome ruler
  a gold golem
  a dwarf leader
  2 ravens
  a gnome mummy
  a fire ant
  a bugbear
  a wood nymph
  a water nymph
  a yellow light
  3 gnome leaders
  2 gnomish wizards
  a kitten
  4 dwarves
  2 kobold shamans
  a rabid rat
  a monkey
  a gas spore
  2 large kobolds
  a giant rat
  a yellow mold
 19 gnomes
  a jackal
  a kobold
  2 goblins
  2 sewer rats
  4 grid bugs
  2 bats
  a kobold zombie
  3 newts
70 creatures vanquished.

No species were genocided or became extinct.

Game over:
                       ----------
                      /          \
                     /    REST    \
                    /      IN      \
                   /     PEACE      \
                  /                  \
                  |     Jinnora      |
                  |      388 Au      |
                  |   killed by a    |
                  |  white unicorn   |
                  |                  |
                  |                  |
                  |       2026       |
                 *|     *  *  *      | *
        _________)/\\_//(\/(/\)/\//\/|_)_______

Goodbye Jinnora the Wizard...

You died in The Gnomish Mines on dungeon level 5 with 3818 points,
and 388 pieces of gold, after 3188 moves.
You were level 7 with a maximum of 58 hit points when you died.

